 Dungeon Crawl Stone Soup version 0.26.1-11-gd32895ea62 (webtiles) character file.

Game seed: 6048602185627738045

471 Almogavar the Chopper (level 7, -1/62 HPs)
             Began as a Hill Orc Fighter on June 5, 2021.
             Was a Follower of Lugonu.
             Slain by a jelly (2 damage)
             ... on level 4 of the Dungeon.
             The game lasted 00:07:46 (4143 turns).

Almogavar the Chopper (Hill Orc Fighter)            Turns: 4143, Time: 00:07:48

Health: -1/62      AC: -7    Str: 21    XL:     7   Next: 9%
Magic:  7/7        EV:  8    Int:  8    God:    Lugonu [*.....]
Gold:   274        SH:  9    Dex: 10    Spells: 6/6 levels left

rFire    . . .     SeeInvis .   a - +0 war axe
rCold    . . .     Faith    .   c - +0 kite shield
rNeg     . . .     Spirit   .   b - +0 scale mail
rPois    .         Reflect  .   (no helmet)
rElec    .         Harm     .   o - +0 cloak
rCorr    .         Rampage  .   (no gloves)
Will     .....                  (no boots)
Stlth    ..........             (no amulet)
HPRegen  0.20/turn              n - ring of wizardry
MPRegen  0.10/turn              m - +4 ring of protection

@: corroded
A: no striking features
a: Renounce Religion, Depart the Abyss


You were on level 4 of the Dungeon.
You worshipped Lugonu.
Lugonu was aware of your devotion.
You visited 1 branch of the dungeon, and saw 4 of its levels.
You visited the Abyss 1 time.

You collected 274 gold pieces.

Inventory:

Hand Weapons
 a - a +0 war axe (weapon)
Armour
 b - a +0 scale mail (worn)
 c - a +0 kite shield (worn)
 j - a +0 chain mail
 o - a +0 cloak (worn)
Jewellery
 m - a +4 ring of protection (right hand)
 n - a ring of wizardry (left hand)
Wands
 f - a wand of random effects (10)
 h - a wand of enslavement (11)
Scrolls
 e - a scroll of fog
 i - 5 scrolls of remove curse
Potions
 d - a potion of might
 g - a potion of magic
 k - a potion of ambrosia
 l - 2 potions of brilliance
 p - a potion of heal wounds {unknown}
 q - a potion of flight {unknown}


   Skills:
 + Level 5.7 Fighting
 + Level 6.1 Axes
 + Level 4.4 Armour
 + Level 1.5 Dodging
 - Level 0.3 Stealth
 + Level 4.2 Shields


You had 6 spell levels left.
You didn't know any spells.
Your spell library was empty.

Dungeon Overview and Level Annotations

Branches:
Dungeon (4/15)             Temple (0/1) D:4

Altars:
Hepliaklqana
Uskayaw
Xom


Message History

The orc is almost dead.
You hit the jelly but do no damage. The acid corrodes you!
Your hands burn!
You hit the hound skeleton but do no damage.
The hound skeleton bites you. The orc closely misses you.
The jelly closely misses you. You block the hound skeleton's attack.
Unknown command.
You hit the jelly.
Your hands burn!
The jelly is almost dead.
You hit the hound skeleton but do no damage.
You hit the orc but do no damage. You block the orc's attack.
The jelly hits you.
* * * LOW HITPOINT WARNING * * *
The acid corrodes you!
You are splashed with acid!
* * * LOW HITPOINT WARNING * * *
The hound skeleton bites you.
* * * LOW HITPOINT WARNING * * *
The orc hits you with a +0 dagger.
* * * LOW HITPOINT WARNING * * *
The jelly hits you.
You die...

.##..###..####............##.#
.##.........##...........^##.#
.#........###...########...#.#
......##..###..##.8..8.##..#.#
#.#.#.##..##.^##........##..##
..........##.##..######..##.##
....#.##..#..#..##.≈..##..#..#
......##..#.##.#.Z)...≈##.##^#
>...#.##..#.#..#@o#(⌠#..#.^#.#
.......#..#.#..#.J#.>#.$#..#.#
....#.....#.##.##.....§##.##.#
......##..#..#..##.≈..##..#..#
#.#.#.##..##.##..######..##.##
...........#†.##.....(..## .
####...###)##)..#.8..8.## .#
##########.##...#####.##...#
..# #.....###...†........#


You could see a jelly, an orc and a hound skeleton.

Vanquished Creatures
  2 scorpions (D:4)
  An orc priest (D:4)
  Jessica (D:2)
  An iguana (D:2)
  An orc wizard (D:3)
  3 worker ants (D:4)
  3 gnolls (D:2)
  3 adders
  A shadow imp (D:4)
  An ufetubus (Abyss:1)
  3 oozes
  6 worms
  A dart slug (D:1)
  3 leopard geckos
  12 orcs
  3 bats
  2 giant cockroaches
  11 hobgoblins
  4 jackals (D:1)
  5 kobolds
  3 quokkas (D:4)
  A ball python (D:1)
  6 frilled lizards
  8 goblins
  4 rats
89 creatures vanquished.

Vanquished Creatures (others)
  A plant (D:2)
1 creature vanquished.

Grand Total: 90 creatures vanquished

Notes
Turn   | Place    | Note
-------+----------+-------------------------------------------
     0 | D:1      | Almogavar the Hill Orc Fighter began the quest for the Orb.
     0 | D:1      | Reached XP level 1. HP: 19/19 MP: 1/1
   245 | D:1      | Reached XP level 2. HP: 24/27 MP: 2/2
   509 | D:1      | Reached skill level 3 in Axes
   509 | D:1      | Reached XP level 3. HP: 33/33 MP: 3/3
  1025 | D:2      | Noticed Jessica
  1028 | D:2      | Killed Jessica
  1029 | D:2      | Reached XP level 4. HP: 41/41 MP: 4/4
  1077 | D:2      | Reached skill level 4 in Axes
  1226 | D:2      | Reached XP level 5. HP: 37/47 MP: 5/5
  1898 | D:2      | Cast into level 1 of the Abyss (unwielding a weapon of
                  | distortion)
  1898 | Abyss:1  | Found a corrupted altar of Lugonu.
  1930 | Abyss:1  | Noticed an orange demon
  1938 | Abyss:1  | Became a worshipper of Lugonu the Unformed
  1938 | Abyss:1  | Reached * piety under Lugonu
  1939 | D:2      | Escaped the Abyss
  2015 | D:2      | Found a hazy altar of Hepliaklqana.
  2212 | D:3      | Found a hide-covered altar of Uskayaw.
  2217 | D:3      | Reached skill level 5 in Fighting
  2717 | D:3      | HP: 1/48 [something/magic dart (10)]
  2719 | D:3      | Reached skill level 5 in Axes
  2719 | D:3      | Reached XP level 6. HP: 1/56 MP: 6/6
  3231 | D:4      | Found a staircase to the Ecumenical Temple.
  3459 | D:4      | Reached skill level 1 in Dodging
  3675 | D:4      | Found a shimmering altar of Xom.
  3960 | D:4      | Reached skill level 6 in Axes
  3960 | D:4      | Reached XP level 7. HP: 40/62 MP: 7/7
  4143 | D:4      | HP: 1/62 [orc/+0 dagger (3)]
  4143 | D:4      | Slain by a jelly

Illustrated notes

Levels and vault maps discovered:
D:1:      saegor_arrival_simple_a, layout_rooms
D:2:      layout_basic, nzn_hepliaklqana_mist_gate, serial_forest,
          infiniplex_forest_lined_corner, infiniplex_forest_clump_medium,
          infiniplex_forest_lined_room_2, infiniplex_forest_lined_corner,
          uniq_jessica
D:3:      layout_basic, eat_drink_and_be_merry_uskayaw
D:4:      layout_loops_ring, tgw_xom, minmay_temple_entry_glass, nzn_random_ring

Skill      XL: |  1  2  3  4  5  6 |
---------------+-------------------+-----
Fighting       | 4 5 |  5.7
Axes           | 3 4 5 6 |  6.1
Armour         | 4 |  4.4
Shields        | 4 |  4.2
Dodging        | 1 |  1.5
Stealth        | |  0.3

Action                   |  1- 3 |  4- 6 |  7- 9 || total
-------------------------+-------+-------+-------++-------
Melee: War axe           |    75 |   210 |     9 ||   294
Invok: Depart the Abyss  |       |     1 |       ||     1
  Use: Scroll            |     3 |     4 |       ||     7
 Stab: Invisible         |       |     1 |       ||     1
Armor: Scale mail        |    25 |    96 |     2 ||   123
Dodge: Dodged            |    27 |    59 |     8 ||    94
Block: Kite shield       |    42 |    93 |     9 ||   144
